AAA
SALT LAKE BEES @ MEMPHIS LEOPARDS
05/15/2024
 
TOP OF THE 1ST
Salt Lake Bees batting - Pitching for Memphis Leopards : RHP Dalton Roach
Pitching: RHP Dalton Roach
Batting: SHB Sam Haggerty 0-0: Foul Ball, location: 2F
0-1: SINGLE (Line Drive, 89S, EV 92.5 MPH)
Batting: RHB Yohel Pozo 0-0: Ball
1-0: SINGLE (Groundball, 34D, EV 103.8 MPH)
Sam Haggerty to second
Runner from 2nd tries for 3rd, SAFE, no throw by RF
Batting: LHB Tommy La Stella 0-0: Called Strike
0-1: Swinging Strike
0-2: Fly out, F8 (Flyball, 8LM, EV 78.8 MPH)
Batting: RHB Rene Pinto 0-0: Foul Ball, location: 3F
0-1: Ball
1-1: Called Strike
1-2: Strikes out swinging
Batting: LHB Antoine Duplantis 0-0: Ball
1-0: Called Strike
1-1: Ball
2-1: Ground out 1-3 (Groundball, 13S, EV 65.0 MPH)
Top of the 1st over - 0 runs, 2 hits, 0 errors, 2 left on base; Salt Lake 0 - Memphis 0
BOTTOM OF THE 1ST
Memphis Leopards batting - Pitching for Salt Lake Bees : RHP Kevin Herget
Pitching: RHP Kevin Herget
Batting: RHB Nate Eaton 0-0: Ground out 5-3 (Groundball, 56, EV 94.4 MPH)
Batting: LHB Pavin Smith 0-0: Called Strike
0-1: Ball
1-1: Ball
2-1: Fly out, F9 (Flyball, 9D, EV 86.9 MPH)
Batting: RHB Pedro Leon 0-0: Ball
1-0: Foul Ball, location: 9LDF
1-1: Ground out 6-3 (Groundball, 6, EV 106.3 MPH)
Bottom of the 1st over - 0 runs, 0 hits, 0 errors, 0 left on base; Salt Lake 0 - Memphis 0
TOP OF THE 2ND
Salt Lake Bees batting - Pitching for Memphis Leopards : RHP Dalton Roach
Batting: LHB Jameson Hannah 0-0: Foul Ball, location: 7LSF
0-1: Ball
1-1: Called Strike
1-2: Ball
2-2: Foul Ball, location: 7LSF
2-2: Foul Ball, location: 2F
2-2: Foul Ball, location: 5SF
2-2: Fly out, F7 (Flyball, 78M, EV 90.6 MPH)
Batting: LHB Joey Wendle 0-0: Ball
1-0: Ground out 5-3 (Groundball, 25, EV 84.4 MPH)
Batting: LHB Jordan Cowan 0-0: SINGLE (Groundball, 56D, EV 104.4 MPH)
Batting: SHB Kehden Hettiger 0-0: Fly out, F8 (Line Drive, 8LD, EV 91.9 MPH)
Top of the 2nd over - 0 runs, 1 hit, 0 errors, 1 left on base; Salt Lake 0 - Memphis 0
BOTTOM OF THE 2ND
Memphis Leopards batting - Pitching for Salt Lake Bees : RHP Kevin Herget
Batting: RHB Alan Trejo 0-0: Called Strike
0-1: Foul Ball, location: 25FF
0-2: Ball
1-2: SINGLE (Line Drive, 56D, EV 96.3 MPH)
Batting: LHB Joey Votto 0-0: Fly out, F9 (Flyball, 9LM, EV 75.6 MPH)
Batting: SHB Oswaldo Cabrera 0-0: Swinging Strike
0-1: SINGLE (Line Drive, 6D, EV 106.9 MPH)
Alan Trejo to second
Batting: RHB Matt Lipka 0-0: Swinging Strike
0-1: Ball
1-1: Called Strike
1-2: Fly out, F8 (Flyball, 89M, EV 77.5 MPH)
Batting: RHB Tom Murphy 0-0: Called Strike
0-1: Foul Ball, location: 2F
0-2: Foul Ball, location: 7LMF
0-2: Ball
1-2: Ball
2-2: Fielders Choice at 2nd, 6-4 (Groundball, 6, EV 93.8 MPH)
Bottom of the 2nd over - 0 runs, 2 hits, 0 errors, 2 left on base; Salt Lake 0 - Memphis 0
TOP OF THE 3RD
Salt Lake Bees batting - Pitching for Memphis Leopards : RHP Dalton Roach
Batting: SHB Sam Haggerty 0-0: Called Strike
0-1: SINGLE (Line Drive, 7LS, EV 108.1 MPH)
Batting: RHB Yohel Pozo 0-0: Ground out 5-3 (Groundball, 56, EV 81.9 MPH)
Sam Haggerty to second
Batting: LHB Tommy La Stella 0-0: Ball
1-0: Foul Ball, location: 9LDF
1-1: Ball
2-1: Foul Ball, location: 7LDF
2-2: Ground out 6-3 (Groundball, 6, EV 80.0 MPH)
Batting: RHB Rene Pinto 0-0: Ball
1-0: Ball
2-0: Fly out, F8 (Line Drive, 8LM, EV 77.5 MPH)
Top of the 3rd over - 0 runs, 1 hit, 0 errors, 1 left on base; Salt Lake 0 - Memphis 0
BOTTOM OF THE 3RD
Memphis Leopards batting - Pitching for Salt Lake Bees : RHP Kevin Herget
Batting: RHB Austin Romine 0-0: Ball
1-0: SINGLE (Groundball, 56, EV 102.5 MPH) (infield hit)
Batting: RHB Nate Eaton 0-0: Bunt missed!
0-1: Bunt missed!
0-2: Foul Ball, location: 7LMF
0-2: Foul Ball, location: 3DF
0-2: Strikes out swinging
Batting: LHB Pavin Smith 0-0: Ball
1-0: Called Strike
1-1: Ball
2-1: Fly out, F8 (Flyball, 8LM, EV 83.8 MPH)
Batting: RHB Pedro Leon 0-0: Called Strike
0-1: Called Strike
0-2: Ball
1-2: Fly out, F8 (Flyball, 8RXD, EV 93.1 MPH)
Bottom of the 3rd over - 0 runs, 1 hit, 0 errors, 1 left on base; Salt Lake 0 - Memphis 0
TOP OF THE 4TH
Salt Lake Bees batting - Pitching for Memphis Leopards : RHP Dalton Roach
Batting: LHB Antoine Duplantis 0-0: Called Strike
0-1: Fly out, F8 (Flyball, 8RS, EV 74.4 MPH)
Batting: LHB Jameson Hannah 0-0: Ball
1-0: Called Strike
1-1: Ball
2-1: Called Strike
2-2: Ground out 5-3 (Groundball, 56, EV 78.1 MPH)
Batting: LHB Joey Wendle 0-0: Ball
1-0: Called Strike
1-1: Foul Ball, location: 23F
1-2: Ball
2-2: SINGLE (Groundball, 4MD, EV 110.6 MPH)
Batting: LHB Jordan Cowan 0-0: Called Strike
0-1: Called Strike
0-2: Foul Ball, location: 7LSF
0-2: Strikes out looking
Top of the 4th over - 0 runs, 1 hit, 0 errors, 1 left on base; Salt Lake 0 - Memphis 0
BOTTOM OF THE 4TH
Memphis Leopards batting - Pitching for Salt Lake Bees : RHP Kevin Herget
Batting: RHB Alan Trejo 0-0: Ball
1-0: Ball
2-0: Ground out 6-3 (Groundball, 6, EV 83.8 MPH)
Batting: LHB Joey Votto 0-0: Ball
1-0: Ground out 4-3 (Groundball, 4, EV 90.6 MPH)
Batting: SHB Oswaldo Cabrera 0-0: Ball
1-0: Foul Ball, location: 2F
1-1: Foul Ball, location: 2F
1-2: Ball
2-2: Foul Ball, location: 5SF
2-2: SINGLE (Line Drive, 7S, EV 95.0 MPH)
Batting: RHB Matt Lipka 0-0: Ground out 4-3 (Groundball, 4, EV 102.5 MPH)
Bottom of the 4th over - 0 runs, 1 hit, 0 errors, 1 left on base; Salt Lake 0 - Memphis 0
TOP OF THE 5TH
Salt Lake Bees batting - Pitching for Memphis Leopards : RHP Dalton Roach
Batting: SHB Kehden Hettiger 0-0: Ball
1-0: Swinging Strike
1-1: Foul Ball, location: 2F
1-2: Strikes out swinging, 2-3 out at first.
Batting: SHB Sam Haggerty 0-0: Ball
1-0: Ball
2-0: Ball
3-0: Called Strike
3-1: Base on Balls
Batting: RHB Yohel Pozo 0-0: Swinging Strike
0-1: Ball
1-1: Ball
2-1: Fly out, F9 (Line Drive, 89M, EV 89.4 MPH)
Batting: LHB Tommy La Stella 0-0: Called Strike
0-1: SINGLE (Groundball, 4, EV 79.4 MPH) (infield hit)
Sam Haggerty to second
Batting: RHB Rene Pinto 0-0: Called Strike
0-1: Swinging Strike
0-2: Ball
1-2: Ball
2-2: Foul Ball, location: 9LMF
2-2: Foul Ball, location: 25F
2-2: Foul Ball, location: 9LMF
2-2: Foul Ball, location: 7LDF
2-2: Strikes out swinging
Top of the 5th over - 0 runs, 1 hit, 0 errors, 2 left on base; Salt Lake 0 - Memphis 0
BOTTOM OF THE 5TH
Memphis Leopards batting - Pitching for Salt Lake Bees : RHP Kevin Herget
Batting: RHB Tom Murphy 0-0: Swinging Strike
0-1: Foul Ball, location: 2F
0-2: Strikes out swinging
Batting: RHB Austin Romine 0-0: Ball
1-0: Ground out U3 (Groundball, 3, EV 88.1 MPH)
Batting: RHB Nate Eaton 0-0: Fly out, F3 (Popup, 23F, EV 90.0 MPH)
Bottom of the 5th over - 0 runs, 0 hits, 0 errors, 0 left on base; Salt Lake 0 - Memphis 0
TOP OF THE 6TH
Salt Lake Bees batting - Pitching for Memphis Leopards : RHP Dalton Roach
Batting: LHB Antoine Duplantis 0-0: DOUBLE (Flyball, 78D, EV 97.5 MPH)
Batting: LHB Jameson Hannah 0-0: Ball
1-0: DOUBLE (Line Drive, 5D, EV 97.5 MPH)
Antoine Duplantis scores
Batting: LHB Joey Wendle 0-0: Bunted foul
0-1: Bunt missed!
0-2: Foul Ball, location: 25F
0-2: Foul Ball, location: 2LF
0-2: Ball
1-2: Fly out, F5 (Popup, 5S, EV 41.3 MPH)
Batting: LHB Jordan Cowan 0-0: Called Strike
0-1: Foul Ball, location: 7LDF
0-2: Foul Ball, location: 7LDF
0-2: Foul Ball, location: 2F
0-2: Foul Ball, location: 2F
0-2: Ball
1-2: SINGLE (Line Drive, 56D, EV 96.3 MPH)
Jameson Hannah to third
Batting: SHB Kehden Hettiger 0-0: SINGLE (Line Drive, 89M, EV 106.3 MPH)
Jameson Hannah scores
Jordan Cowan to second
Batting: SHB Sam Haggerty 0-0: Ball
1-0: Ball
2-0: Ball
3-0: Foul Ball, location: 2F
3-1: SINGLE (Groundball, 4M, EV 90.6 MPH) (infield hit)
Jordan Cowan to third
Kehden Hettiger to second
Batting: RHB Yohel Pozo 0-0: Called Strike
0-1: Ball
1-1: Ball
2-1: Foul Ball, location: 3SF
2-2: Ball
3-2: Foul Ball, location: 9LDF
3-2: Foul Ball, location: 9LMF
3-2: Base on Balls
Jordan Cowan scores
Kehden Hettiger to third
Sam Haggerty to second
Pitching: RHP Andres Machado
Batting: LHB Tommy La Stella 0-0: Swinging Strike
0-1: Ball
1-1: Fly out, F5 (Popup, 5SF, EV 70.6 MPH)
Batting: RHB Rene Pinto 0-0: Ball
1-0: Foul Ball, location: 7LSF
1-1: Ball
2-1: Called Strike
2-2: Fly out, F3 (Popup, 3, EV 70.6 MPH)
Top of the 6th over - 3 runs, 5 hits, 0 errors, 3 left on base; Salt Lake 3 - Memphis 0
BOTTOM OF THE 6TH
Memphis Leopards batting - Pitching for Salt Lake Bees : RHP Kevin Herget
Batting: LHB Pavin Smith 0-0: Ball
1-0: Ball
2-0: Ground out 4-3 (Groundball, 4, EV 78.1 MPH)
Batting: RHB Pedro Leon 0-0: Ball
1-0: Ball
2-0: Ball
3-0: Called Strike
3-1: Base on Balls
Batting: RHB Alan Trejo 0-0: Called Strike
0-1: Ball
1-1: Foul Ball, location: 3DF
1-2: Foul Ball, location: 23F
1-2: Ball
2-2: Ball
3-2: Strikes out swinging
Batting: LHB Joey Votto 0-0: Ball
1-0: Ball
2-0: SINGLE (Line Drive, 9S, EV 91.9 MPH)
Pedro Leon to second
Runner from 2nd tries for 3rd, SAFE, throw by RF made to third
Batting: SHB Oswaldo Cabrera 0-0: Fly out, F7 (Flyball, 7, EV 85.0 MPH)
Bottom of the 6th over - 0 runs, 1 hit, 0 errors, 2 left on base; Salt Lake 3 - Memphis 0
TOP OF THE 7TH
Salt Lake Bees batting - Pitching for Memphis Leopards : RHP Andres Machado
Batting: LHB Antoine Duplantis 0-0: Fly out, F7 (Flyball, 7, EV 93.1 MPH)
Batting: LHB Jameson Hannah 0-0: Swinging Strike
0-1: Ball
1-1: Swinging Strike
1-2: Strikes out looking
Batting: LHB Joey Wendle 0-0: Swinging Strike
0-1: Ball
1-1: Fly out, F7 (Flyball, 7, EV 93.8 MPH)
Top of the 7th over - 0 runs, 0 hits, 0 errors, 0 left on base; Salt Lake 3 - Memphis 0
BOTTOM OF THE 7TH
Memphis Leopards batting - Pitching for Salt Lake Bees : RHP Kevin Herget
Batting: RHB Matt Lipka 0-0: Ground out 6-3 (Groundball, 6, EV 89.4 MPH)
Batting: RHB Tom Murphy 0-0: Called Strike
0-1: Ball
1-1: Foul Ball, location: 9LSF
1-2: Ball
2-2: Foul Ball, location: 23F
2-2: Fly out, F9 (Flyball, 89S, EV 85.6 MPH)
Batting: RHB Austin Romine 0-0: Ground out 6-3 (Groundball, 6S, EV 88.1 MPH)
Bottom of the 7th over - 0 runs, 0 hits, 0 errors, 0 left on base; Salt Lake 3 - Memphis 0
TOP OF THE 8TH
Salt Lake Bees batting - Pitching for Memphis Leopards : RHP Andres Machado
Batting: LHB Jordan Cowan 0-0: SINGLE (Line Drive, 9LS, EV 103.8 MPH)
Batting: SHB Kehden Hettiger 0-0: Swinging Strike
0-1: Ball
1-1: Called Strike
1-2: Foul Ball, location: 2F
1-2: Ball
2-2: Ball
3-2: Foul Ball, location: 7LDF
3-2: Base on Balls
Jordan Cowan to second
Batting: SHB Sam Haggerty 0-0: Ball
1-0: Bunted foul
1-1: Sac Bunt to 13S - play at first, batter OUT! 1-4
Jordan Cowan to third
Kehden Hettiger to second
Batting: RHB Yohel Pozo 0-0: Ball
1-0: Foul Ball, location: 5F
1-1: Fly out, F8 (Flyball, 8LS, EV 78.1 MPH)
Batting: LHB Tommy La Stella 0-0: Called Strike
0-1: SINGLE (Line Drive, 6D, EV 98.1 MPH)
Jordan Cowan scores
Kehden Hettiger to third
Runner from 3rd tries for Home, SAFE, throw by CF to home
Batting: RHB Rene Pinto 0-0: Ball
1-0: Ball
2-0: Foul Ball, location: 9LMF
2-1: Fielders Choice at 2nd, 5-4 (Groundball, 56, EV 110.0 MPH)
Top of the 8th over - 2 runs, 2 hits, 0 errors, 1 left on base; Salt Lake 5 - Memphis 0
BOTTOM OF THE 8TH
Memphis Leopards batting - Pitching for Salt Lake Bees : RHP Kevin Herget
Batting: RHB Nate Eaton 0-0: Foul Ball, location: 2F
0-1: Ball
1-1: Ball
2-1: Ball
3-1: Called Strike
3-2: DOUBLE (Flyball, 78XD, EV 111.9 MPH)
Batting: LHB Pavin Smith 0-0: Fly out, F9 (Flyball, 89S, EV 88.8 MPH)
Batting: RHB Pedro Leon 0-0: Called Strike
0-1: SINGLE (Groundball, 6MD, EV 100.0 MPH)
Nate Eaton to third
Runner from 3rd tries for Home, SAFE, throw by CF to home
Pitching: RHP Michael Rucker
Batting: RHB Alan Trejo 0-0: SINGLE (Line Drive, 78S, EV 96.3 MPH)
Pedro Leon to second
Batting: LHB Joey Votto 0-0: Ball
1-0: Called Strike
1-1: Foul Ball, location: 2F
1-2: Foul Ball, location: 7LMF
1-2: SINGLE (Flyball, 34D, EV 87.5 MPH)
Pedro Leon to third
Alan Trejo to second
Batting: SHB Oswaldo Cabrera 0-0: Ball
1-0: Swinging Strike
1-1: Foul Ball, location: 2F
1-2: Ball
2-2: Fly out, F7 (Flyball, 7D, EV 95.0 MPH)
Runner from 3rd tags up, SCORES, no throw by LF
Alan Trejo to third
Pinch Hitting: SHB Willi Castro 0-0: Ball
1-0: Foul Ball, location: 2F
1-1: Ball
2-1: Ground out 4-3 (Groundball, 4, EV 82.5 MPH)
Bottom of the 8th over - 2 runs, 4 hits, 0 errors, 2 left on base; Salt Lake 5 - Memphis 2
TOP OF THE 9TH
Salt Lake Bees batting - Pitching for Memphis Leopards : RHP Andres Machado
Now at 3B: Willi Castro
Now in RF: Nate Eaton
Batting: LHB Antoine Duplantis 0-0: Called Strike
0-1: Ball
1-1: Ground out 3-1 (Groundball, 34, EV 86.3 MPH)
Batting: LHB Jameson Hannah 0-0: Ball
1-0: Called Strike
1-1: Called Strike
1-2: Fly out, F9 (Line Drive, 9S, EV 110.0 MPH)
Batting: LHB Joey Wendle 0-0: Foul Ball, location: 3F
0-1: Ball
1-1: Fly out, F7 (Line Drive, 7, EV 100.0 MPH)
Top of the 9th over - 0 runs, 0 hits, 0 errors, 0 left on base; Salt Lake 5 - Memphis 2
BOTTOM OF THE 9TH
Memphis Leopards batting - Pitching for Salt Lake Bees : RHP Michael Rucker
Pitching: RHP Connor Jones
Batting: RHB Tom Murphy 0-0: Ball
1-0: Called Strike
1-1: Called Strike
1-2: Ball
2-2: Fly out, F8 (Flyball, 8LS, EV 94.4 MPH)
Batting: RHB Austin Romine 0-0: Called Strike
0-1: Ground out 6-3 (Groundball, 6, EV 99.4 MPH)
Batting: RHB Nate Eaton 0-0: Fly out, F5 (Popup, 5F, EV 73.1 MPH)
Bottom of the 9th over - 0 runs, 0 hits, 0 errors, 0 left on base; Salt Lake 5 - Memphis 2
Friday, March 22nd , 2024 - OOTP Baseball 24.11 Build 85